 Dungeon Crawl Stone Soup version 0.26-a0-707-g31817bcca1 (webtiles) character file.

Game seed: 7516170416776618924

54 Chiseanne the Magician (level 3, -2/24 HPs)
             Began as a Demonspawn Hedge Wizard on Oct 27, 2020.
             Slain by Sigmund
             ... wielding a +0 scythe
              (5 damage)
             ... on level 2 of the Dungeon.
             The game lasted 00:03:34 (1903 turns).

Chiseanne the Magician (Demonspawn Hedge Wizard)    Turns: 1903, Time: 00:03:34

Health: -2/24      AC:  6    Str: 10    XL:     3   Next: 66%
Magic:  8/8        EV: 12    Int: 16    God:
Gold:   84         SH:  0    Dex: 12    Spells: 8/9 levels left

rFire    . . .     SeeInvis .   a - +1 short sword
rCold    . . .     Faith    .   (no shield)
rNeg     . . .     Spirit   .   b - +0 robe
rPois    .         Reflect  .   c - +0 hat
rElec    .         Harm     .   (no cloak)
rCorr    .         Rampage  .   g - +2 pair of gloves
MR       .....                  n - +0 pair of boots
Stlth    ++........             (no amulet)
HPRegen  0.08/turn              (no ring)
MPRegen  0.11/turn              (no ring)

@: stab
A: spiny 1
a: no special abilities


You were on level 2 of the Dungeon.
You visited 1 branch of the dungeon, and saw 2 of its levels.

You collected 84 gold pieces.

Inventory:

Hand Weapons
 a - a +1 short sword (weapon)
Missiles
 f - 22 sling bullets
 h - 10 bolts
 i - a throwing net (quivered)
 l - 14 arrows
Armour
 b - a +0 robe (worn)
 c - a +0 hat (worn)
 g - a +2 pair of gloves (worn)
 n - a +0 pair of boots (worn)
Scrolls
 e - 3 scrolls of remove curse
 k - a scroll of teleportation
Potions
 d - a potion of brilliance


   Skills:
 - Level 1.7 Dodging
 - Level 1.7 Stealth
 * Level 3.8 Spellcasting
 * Level 2.6 Conjurations
   Level 1.0 Summonings
   Level 0.8 Translocations


You had 8 spell levels left.
You knew the following spells:

 Your Spells              Type           Power        Failure   Level
a - Magic Dart            Conj           ##..         6%          1

Your spell library contained the following spells:

 Spells                   Type           Power        Failure   Level
 Call Imp                 Summ           #.......     17%         2
 Blink                    Tloc           N/A          19%         2
 Slow                     Hex            #.......     26%         2
 Conjure Flame            Conj/Fire      #.......     30%         3
 Mephitic Cloud           Conj/Pois/Air  #.......     36%         3


Dungeon Overview and Level Annotations

Branches:
Dungeon (2/15)

Altars:
Ashenzari
Elyvilon
Kikubaaqudgha
Nemelex Xobeh
Okawaru
Ru
Uskayaw
Wu Jian
Yredelemnul

Annotations:
D:2 Sigmund


Innate Abilities, Weirdness & Mutations

You are partially covered in sharp spines.


Message History

You're too confused to move!
You bump into the rock wall.
Sigmund hits you from afar with a +0 scythe!
You bump into the rock wall.
You feel less confused. Sigmund gestures at you while chanting.
You are confused.
It was a potion of stabbing.
You feel ready to backstab.
You bump into the rock wall.
Sigmund hits you from afar with a +0 scythe.
Sigmund gestures at you while chanting. You resist with significant effort.
Sigmund closely misses you.
You feel less confused. Sigmund casts a spell at you.
The puff of flame hits you!
* * * LOW HITPOINT WARNING * * *
Sigmund hits you from afar with a +0 scythe.
You die...

.. #.# #.# #.# #.#
#.# #.## #.# #..#
##+## #.# #..##
#...## #.# #.@.#
.....###.# ####.#.#
##.##.##.###.##.#@#
#.###..#.##...#.#.#
#..##..'........#.##
#.#P#..#.##...#.#..#
##.#####.###.##.##.##


PPP.P# #.# ####.##..# ...P^# #.# #.###.# You could see Sigmund (inner flame).

Vanquished Creatures
  An adder (D:2)
  A worm (D:2)
  2 dart slugs (D:1)
  2 leopard geckos (D:2)
  6 bats
  A giant cockroach (D:2)
  5 goblins
  6 hobgoblins
  3 kobolds
  4 frilled lizards
  4 rats
35 creatures vanquished.

Notes
Turn   | Place    | Note
-------+----------+-------------------------------------------
     0 | D:1      | Chiseanne the Demonspawn Hedge Wizard began the quest for
                  | the Orb.
     0 | D:1      | Reached XP level 1. HP: 13/13 MP: 4/4
   362 | D:1      | Gained mutation: You are partially covered in sharp spines.
                  | [demonic ancestry]
   362 | D:1      | Reached XP level 2. HP: 19/19 MP: 0/6
  1208 | D:2      | Found a sacrificial altar of Ru.
  1252 | D:2      | Reached XP level 3. HP: 24/24 MP: 1/8
  1536 | D:2      | Found an ancient bone altar of Kikubaaqudgha.
  1802 | D:2      | Found a sacrificial altar of Ru.
  1870 | D:2      | Found an ornate altar of the Wu Jian Council.
  1874 | D:2      | Found a sparkling altar of Nemelex Xobeh.
  1874 | D:2      | Found a white marble altar of Elyvilon.
  1875 | D:2      | Found a hide-covered altar of Uskayaw.
  1875 | D:2      | Found an iron altar of Okawaru.
  1875 | D:2      | Found a basalt altar of Yredelemnul.
  1875 | D:2      | Found a broken altar of Ashenzari.
  1875 | D:2      | Noticed Sigmund
  1903 | D:2      | Slain by Sigmund

Illustrated notes

Levels and vault maps discovered:
D:1:      eino_arrival_water_cross, layout_basic
D:2:      layout_loops_corners, grunt_temple_overflow_open,
          nicolae_overflow_crystal_walls, lemuel_doored_altar,
          hangedman_decor_points, nicolae_ru_the_path_less_chosen, uniq_sigmund

Skill      XL: |  1  2 |
---------------+-------+-----
Conjurations   | 2 |  2.6
Dodging        | |  1.7
Stealth        | |  1.7
Spellcasting   | |  3.8
Summonings     | |  1.0
Translocations | |  0.8

Action                   || total
-------------------------++-------
Melee: Dagger            ||     9
       Short sword       ||     6
 Cast: Magic Dart        ||    75
  Use: Scroll            ||     5
       Potion            ||     1
 Stab: Sleeping          ||     1
Armor: Robe              ||     5
Dodge: Dodged            ||    17

Table legend: (Time is in decaauts)
 A = Elapsed time spent in this place.
 B = Non-inter-level travel time spent in this place.
 C = Inter-level travel time spent in this place.
 D = Time resting spent in this place.
 E = Time spent auto-exploring this place.
 F = Levels seen in this place.
 G = Mean time per level.
                   A        B        C        D        E       F      G
               +--------+--------+--------+--------+--------+-----+--------+
         Total |   1903 |   1884 |     19 |    688 |    944 |   2 |  951.5 |
       Dungeon |   1903 |   1884 |     19 |    688 |    944 |   2 |  951.5 |
               +--------+--------+--------+--------+--------+-----+--------+

Top non-repeatable levels by time:
     D:1: 1183 daAuts
     D:2: 720 daAuts
